 Dungeon Crawl Stone Soup version 0.27-a0-1065-ge809cff456 (webtiles) character file.

Game seed: 15738172591020631216

1443 kae the Insei (level 8, -2/66 HPs)
             Began as a Pale Draconian Transmuter on Apr 22, 2021.
             Was a Priest of Cheibriados.
             Slain by an orc wizard
             ... wielding a +3 dagger of electrocution
              (17 damage)
             ... on level 6 of the Dungeon.
             The game lasted 00:05:06 (8065 turns).

kae the Insei (Pale Draconian Transmuter)           Turns: 8065, Time: 00:05:07

Health: -2/66      AC:  8    Str: 20    XL:     8   Next: 46%
Magic:  12/13      EV: 14    Int: 24    God:    Cheibriados [***...]
Gold:   154        SH:  0    Dex: 20    Spells: 6/14 levels left

rFire    . . .     SeeInvis .     - Unarmed
rCold    . . .     Faith    .   (no shield)
rNeg     . . .     Spirit   .   (armour unavailable)
rPois    .         Reflect  .   (helmet restricted)
rElec    .         Harm     .   (no cloak)
rCorr    .         Rampage  .   (no gloves)
Will     .....                  a - +1 pair of boots
Stlth    ++........             (no amulet)
HPRegen  0.21/turn              (no ring)
MPRegen  0.13/turn              (no ring)

@: very slow
A: breathe steam, AC +6, unfitting armour, cold-blooded, steam resistance
a: Breathe Steam, Renounce Religion, Bend Time, Temporal Distortion


You were on level 6 of the Dungeon.
You worshipped Cheibriados.
Cheibriados was most pleased with you.
You visited 1 branch of the dungeon, and saw 6 of its levels.
You also visited: Ossuary.

You collected 199 gold pieces.
You spent 45 gold pieces at shops.

Inventory:

Missiles
 h - a throwing net
Armour
 a - a +1 pair of boots (worn)
Jewellery
 d - a +6 ring of dexterity
 j - an amulet of guardian spirit
Wands
 k - a wand of flame (23)
 s - a wand of acid (6)
 u - a wand of charming (9)
Scrolls
 b - 2 scrolls of teleportation
Potions
 c - 2 potions of invisibility
 e - 2 potions of haste
 f - a potion of berserk rage
 g - a potion of ambrosia
 i - a potion of flight
 l - 2 potions of curing {unknown}
 m - 2 potions of lignification {unknown}
 n - 7 potions of heal wounds {unknown}
 p - a potion of attraction {unknown}
 t - 3 potions of resistance {unknown}


   Skills:
 + Level 3.8 Fighting
 + Level 3.5 Dodging
 * Level 5.8 Unarmed Combat
 + Level 3.6 Spellcasting
 * Level 5.1 Transmutations
 * Level 3.1 Ice Magic
 - Level 2.0 Poison Magic
 + Level 3.0 Invocations


You had 6 spell levels left.
You knew the following spells:

 Your Spells              Type           Power      Damage    Failure   Level
a - Beastly Appendage     Tmut           56%        N/A       1%          1
b - Spider Form           Tmut/Pois      10%        N/A       7%          3
c - Ice Form              Ice/Tmut       24%        N/A       19%         4

Your spell library contained the following spells:

 Spells                   Type           Power      Damage    Failure   Level
 Wereblood                Tmut           28%        N/A       1%          2
 Ensorcelled Hibernation  Hex/Ice        22%        N/A       9%          2
 Corona                   Hex            4%         N/A       10%         1
 Summon Small Mammal      Summ           16%        N/A       10%         1
 Call Imp                 Summ           4%         N/A       16%         2
 Call Canine Familiar     Summ           4%         N/A       30%         3
 Confusing Touch          Hex            4%         N/A       30%         3
 Dazzling Flash           Conj/Hex       8%         N/A       30%         3
 Summon Guardian Golem    Hex/Summ       4%         N/A       30%         3
 Tukima's Dance           Hex            4%         N/A       30%         3
 Hydra Form               Tmut           14%        N/A       34%         5
 Summon Ice Beast         Ice/Summ       11%        N/A       47%         4
 Summon Lightning Spire   Summ/Air       4%         N/A       69%         4


Dungeon Overview and Level Annotations

Branches:
Dungeon (6/15)            Ossuary (visited)
 Temple: D:4-7

Altars:
Cheibriados
Fedhas
Nemelex Xobeh
Trog
Vehumet

Shops:
D:3 *

Annotations:
D:4 Natasha


Innate Abilities, Weirdness & Mutations

You can breathe blasts of scalding, opaque steam.
Your pale cyan-grey scales are hard. (AC +6)
You cannot fit into any form of body armour.
You are cold-blooded and may be slowed by cold attacks.
You are immune to the effects of steam.


Message History

Cheibriados thoroughly appreciates the change of pace.
Cheibriados raises the support of your attributes as your movement slows.
The orc hits you with a +0 trident.
You hit the orc wizard.
The orc wizard is poisoned.
The orc wizard is moderately wounded.
An orc priest comes into view. It is wielding a +0 short sword.
The orc wizard closely misses you. The orc barely misses you.
You hit the orc wizard.
The orc wizard looks as sick as possible!
The orc wizard is severely wounded.
The orc priest casts a cantrip, but nothing happens.
The orc misses you.
You barely miss the orc wizard.
The orc priest looks satisfied for a moment.
The orc closely misses you.
The orc wizard points at itself and mumbles some strange words.
The orc wizard flickers and vanishes!
You barely miss the orc wizard.
The orc wizard hits you with a +3 dagger of electrocution.
You barely miss the orc wizard.
Cheibriados thoroughly appreciates the change of pace.
Reactivating autopickup.
You feel a bit more experienced. The orc hits you with a +0 trident.
You hit the orc wizard.
The orc wizard is poisoned.
The orc wizard is lightly wounded.
The orc wizard gestures at itself while chanting.
The orc wizard flickers and vanishes!
Deactivating autopickup; reactivate with Ctrl-A.
The orc hits you with a +0 mace! The orc hits you with a +0 trident.
Something closely misses you. The orc closely misses you. Something hits you.
The orc closely misses you. Something hits you.
Your transformation has ended.
Your +1 pair of boots unmelds from your body.
The orc hits you from afar with a +0 trident.
The orc priest invokes the aid of Beogh against you.
Beogh smites you!
* * * LOW HITPOINT WARNING * * *
Something hits you but does no damage.
You are electrocuted!
You die...

............###............#
....#.#.##### #.........##.#
# #.#'##### ##...........#
...#.......# #........####
#$..[.....# #..####..#
............####..# ..#
####.#......#.. #......!.#.#
###......#@# #......#.#
#......oo# #......#oo.#
#.#####...[.o.. #. .##...#.
# ..# .#.# ### .#... # #.


You could see an orc priest and 3 orcs.

Vanquished Creatures
  A black bear (D:6)
  An orc warrior (D:5)
  An ogre (D:6)
  A bullfrog (D:6)
  A gnoll sergeant (D:5)
  7 water moccasin zombies (Ossuary)
  2 hounds (D:4)
  6 iguanas
  6 orc wizards
  A hound skeleton (D:4)
  3 mummies
  3 gnolls (D:5)
  A howler monkey zombie (D:5)
  4 adders
  3 white imps (D:6)
  An ufetubus (D:4)
  3 adder zombies (Ossuary)
  3 worms
  3 dart slugs
  17 orcs
  11 ball pythons
  9 endoplasms
  3 giant cockroaches
  11 goblins
  7 hobgoblins
  4 kobolds
  5 quokkas
  3 bats (D:1)
  8 frilled lizards
  A gnoll zombie (Ossuary)
  A goblin zombie (D:5)
  6 hobgoblin zombies (Ossuary)
  5 kobold zombies (Ossuary)
  3 orc zombies
  6 rats
151 creatures vanquished.

Vanquished Creatures (others)
  3 plants (D:4)
3 creatures vanquished.

Grand Total: 154 creatures vanquished

Notes
Turn   | Place    | Note
-------+----------+-------------------------------------------
     0 | D:1      | kae the Draconian Transmuter began the quest for the Orb.
     0 | D:1      | Reached XP level 1. HP: 16/16 MP: 3/3
   335 | D:1      | Reached XP level 2. HP: 23/23 MP: 3/5
  1523 | D:1      | Reached XP level 3. HP: 26/28 MP: 6/6
  1529 | D:1      | Learned a level 1 spell: Summon Small Mammal
  1538 | D:1      | Learned a level 3 spell: Spider Form
  2048 | D:2      | Reached XP level 4. HP: 10/36 MP: 3/7
  2050 | D:2      | Reached skill level 1 in Poison Magic
  3288 | D:3      | Found a snail-covered altar of Cheibriados.
  3290 | D:3      | Found a blossoming altar of Fedhas.
  3308 | D:3      | Found a bloodstained altar of Trog.
  3330 | D:3      | Became a worshipper of Cheibriados the Contemplative
  3617 | D:3      | Reached XP level 5. HP: 41/41 MP: 6/8
  3651 | D:3      | Found Oczedaeps's Assorted Antiques.
  3677 | D:3      | Bought a scroll labelled SICES RUISYBE for 24 gold pieces
  3677 | D:3      | Bought a fizzy cyan potion for 21 gold pieces
  3833 | D:3      | Found a faded altar of an unknown god.
  4084 | D:4      | Reached * piety under Cheibriados
  4669 | D:4      | Reached skill level 1 in Invocations
  4669 | D:4      | Reached XP level 6. HP: 31/50 MP: 3/10
  4912 | D:4      | Noticed Natasha
  5125 | D:4      | Found a sparkling altar of Nemelex Xobeh.
  5508 | D:5      | Entered Level 5 of the Dungeon
  5532 | D:5      | Reached ** piety under Cheibriados
  5537 | D:5      | Found a radiant altar of Vehumet.
  5817 | D:5      | Noticed an orc warrior
  5957 | D:5      | Found a sand-covered staircase.
  5973 | Ossuary  | Entered an ossuary
  5993 | Ossuary  | Learned a level 4 spell: Ice Form
  6053 | Ossuary  | Your scales start taking on a pale cyan-grey colour.
  6053 | Ossuary  | Reached XP level 7. HP: 43/56 MP: 8/11
  6053 | Ossuary  | Gained mutation: You are immune to the effects of steam.
                  | [Pale Draconian growth]
  6147 | Ossuary  | Reached skill level 1 in Ice Magic
  6228 | Ossuary  | Reached skill level 5 in Unarmed Combat
  6435 | D:5      | Reached *** piety under Cheibriados
  6569 | D:5      | Reached XP level 8. HP: 14/63 MP: 10/13
  7915 | D:6      | Reached skill level 5 in Transmutations
  8065 | D:6      | Slain by an orc wizard

Illustrated notes

Levels and vault maps discovered:
D:1:      dpeg_arrival_stone_temple_mockup, layout_basic
D:2:      layout_basic, serial_forest, infiniplex_forest_corner_2,
          infiniplex_forest_straight_2, infiniplex_forest_straight_3,
          infiniplex_forest_clump_double, infiniplex_forest_straight_4,
          infiniplex_forest_fountain, infiniplex_forest_end_3,
          infiniplex_forest_zigzag_1, minmay_pentomino_s4
D:3:      layout_rooms, grunt_temple_overflow_open, basic_ecumenical_altar,
          serial_shops, nicolae_shop_stone, grunt_decor_arrowhead
D:4:      layout_loops_ring, lemuel_crystal_altar, minmay_lizard_king,
          uniq_natasha
D:5:      layout_cave_pods, nicolae_vehumet_altar_sigil,
          nicolae_ossuary_entry_giza, minmay_misc_feat_alley
D:6:      layout_basic, portal_sewer_entry_c, uniq_sigmund

Skill      XL: |  1  2  3  4  5  6  7  8 |
---------------+-------------------------+-----
Dodging        | 2 3 |  3.5
Poison Magic   | 1 2 |  2.0
Fighting       | 2 3 |  3.8
Transmutations | 3 4 5 |  5.1
Unarmed Combat | 4 5 |  5.8
Invocations    | 1 2 3 |  3.0
Spellcasting   | 3 |  3.6
Ice Magic      | 2 3 |  3.1

Action                   |  1- 3 |  4- 6 |  7- 9 || total
-------------------------+-------+-------+-------++-------
Melee: Unarmed           |    96 |   254 |   139 ||   489
       Kick              |     8 |    21 |    16 ||    45
       Tailslap          |     1 |    15 |    12 ||    28
       Headbutt          |     1 |     5 |    12 ||    18
       Punch             |     1 |       |     2 ||     3
 Cast: Beastly Appendage |    19 |    18 |     4 ||    41
       Summon Small Mamm |     4 |       |       ||     4
       Spider Form       |     3 |    19 |     9 ||    31
       Ice Form          |       |       |     3 ||     3
 Abil: Breathe Steam     |       |       |     1 ||     1
       End Transformatio |       |       |     1 ||     1
  Use: Scroll            |     2 |     6 |     5 ||    13
 Stab: Sleeping          |     2 |     2 |     1 ||     5
Armor: Skin              |    28 |    60 |    26 ||   114
Dodge: Dodged            |    75 |   191 |   111 ||   377

Table legend: (Time is in decaauts)
 A = Elapsed time spent in this place.
 B = Non-inter-level travel time spent in this place.
 C = Inter-level travel time spent in this place.
 D = Time resting spent in this place.
 E = Time spent auto-exploring this place.
 F = Levels seen in this place.
 G = Mean time per level.
                   A        B        C        D        E       F      G
               +--------+--------+--------+--------+--------+-----+--------+
         Total |   8948 |   8758 |    190 |    229 |   7176 |   7 | 1278.3 |
       Dungeon |   8473 |   8283 |    190 |      0 |   7133 |   6 | 1412.2 |
       Ossuary |    475 |    475 |      0 |    229 |     42 |   1 |  475.0 |
               +--------+--------+--------+--------+--------+-----+--------+

Top non-repeatable levels by time:
     D:4: 1938 daAuts
     D:5: 1911 daAuts
     D:1: 1622 daAuts
     D:2: 1569 daAuts
     D:3: 865 daAuts
     D:6: 566 daAuts
 Ossuary: 475 daAuts
